 Dungeon Crawl Stone Soup version 0.25.1-2-g60ff931df9 (webtiles) character file.

Game seed: 4109604319654484396

15855 Johnny the Geomancer (level 11, -5/74 HPs)
             Began as a Demigod Earth Elementalist on Oct 7, 2020.
             Slain by Donald
             ... wielding a +1 demon trident of electrocution
              (34 damage)
             ... on level 2 of the Orcish Mines.
             The game lasted 00:15:13 (14672 turns).

Johnny the Geomancer (Demigod Earth Elementalist)  Turns: 14672, Time: 00:15:13

Health: -5/74      AC: 17    Str: 11    XL:     11   Next: 74%
Magic:  15/38      EV: 12    Int: 25    God:
Gold:   807        SH:  0    Dex: 16    Spells: 8/29 levels left

rFire    . . .     SeeInvis .   B - +5 dagger (elec)
rCold    . . .     Gourm    .   (no shield)
rNeg     . . .     Faith    .   r - +4 troll leather armour
rPois    .         Spirit   .   (no helmet)
rElec    .         Reflect  .   t - +0 cloak
rCorr    .         Harm     .   k - +2 pair of gloves
MR       .....                  O - +0 pair of boots
Stlth    ++........             (no amulet)
HPRegen  0.62/turn              v - +4 ring of protection
MPRegen  0.26/turn              o - ring of magical power

@: about to teleport, vulnerable
A: high mp 1
a: no special abilities


You were on level 2 of the Orcish Mines.
You were not hungry.

You visited 2 branches of the dungeon, and saw 14 of its levels.

You collected 807 gold pieces.

Inventory:

Hand Weapons
 B - a +5 dagger of electrocution (weapon)
Missiles
 b - 111 stones (quivered)
Armour
 k - a +2 pair of gloves (worn)
 r - a +4 troll leather armour (worn)
 t - a +0 cloak (worn)
 G - the +0 scale mail of the Mind {Str+7}
   (You found it on level 6 of the Dungeon)

   It affects your strength (+7).
 M - a +2 robe of cold resistance
 O - a +0 pair of boots (worn)
Magical Staves
 x - an uncursed staff of wizardry
Jewellery
 m - an uncursed ring of protection from fire
 o - a ring of magical power (right hand)
 v - a +4 ring of protection (left hand)
 H - an uncursed ring of fire {unknown}
Wands
 c - a wand of iceblast (11)
 e - a wand of paralysis (4)
 K - a wand of flame (78)
Scrolls
 a - 3 scrolls of blinking
 h - 3 scrolls of immolation
 i - 5 scrolls of magic mapping
 j - 3 scrolls of enchant armour
 n - 6 scrolls of amnesia
 q - a scroll of fear
 u - 9 scrolls of remove curse
 y - 4 scrolls of teleportation
 C - a scroll of vulnerability
 F - 4 scrolls of fog {unknown}
Potions
 f - a potion of flight {unknown}
 g - 3 potions of stabbing
 l - 10 potions of curing
 p - a potion of resistance {unknown}
 s - a potion of heal wounds {unknown}
 w - 2 potions of brilliance {unknown}
 z - 2 potions of mutation {unknown}
 A - 4 potions of lignification
 D - 4 potions of invisibility {unknown}
 E - 4 potions of degeneration {unknown}
 I - 2 potions of might
 L - a potion of cancellation {unknown}
Comestibles
 d - 25 rations


   Skills:
 - Level 1.7 Dodging
 - Level 1.7 Stealth
 + Level 9.8 Spellcasting
 - Level 0.8 Transmutations
 * Level 14.4 Earth Magic


You had 8 spell levels left.
You knew the following spells:

 Your Spells              Type           Power        Failure   Level  Hunger
a - Sandblast             Erth           ######       1%          1    None
b - Stone Arrow           Conj/Erth      #####.       1%          3    None
c - Lee's Rapid Deconstr  Erth           ######....   1%          5    ####...
d - Petrify               Tmut/Erth      ######..     2%          4    #......
e - Passwall              Tmut/Erth      ######..     1%          2    None
f - Iron Shot             Conj/Erth      #####.....   45%         6    ######.

Your spell library contained the following spells:

 Spells                   Type           Power        Failure   Level  Hunger
 Leda's Liquefaction      Hex/Erth       #####.....   3%          4    #......
 Bolt of Magma            Conj/Fire/Erth #####.....   26%         5    ####...
 Statue Form              Tmut/Erth      ######...    41%         6    ######.
 Irradiate                Conj/Tmut      ##........   83%         5    ####...
 Hydra Form               Tmut           ###.......   100%        6    ######.
 Dragon Form              Tmut           ###.......   100%        7    #######
 Shatter                  Erth           ######....   100%        9    #######


Dungeon Overview and Level Annotations

Branches:
Dungeon (12/15)            Temple (0/1) D:5            Lair (0/6) D:9
    Orc (1/2) D:10

Shops:
D:10 %   D:11 }

Annotations:
Orc:2 Donald


Innate Abilities, Weirdness & Mutations

You have an increased reservoir of magic. (+10% MP)


Message History

Confirm with . or Enter, or press ? or * to list all spells.
Aiming: Petrify (dangerous; 2% risk of failure)
Press: ? - help, Shift-Dir - straight line, f/p - Donald
Aim: Donald, wielding a +1 demon trident of electrocution, wearing a +0 plate armour and wearing a +0 kite shield of reflection (fast, strong, susceptible to hostile enchantments, chance to defeat MR: 47%) Nothing appears to happen.
Donald says, "You must run out of gods to curse by."
Donald hits you from afar with a +1 demon trident of electrocution!!
The orc knight roars a battlecry!
Donald misses you.
You hear a shout! x2
Casting: Petrify (dangerous; 2% risk of failure)
Confirm with . or Enter, or press ? or * to list all spells.
Aiming: Petrify (dangerous; 2% risk of failure)
Press: ? - help, Shift-Dir - straight line, f/p - Donald
Aim: Donald, wielding a +1 demon trident of electrocution, wearing a +0 plate armour and wearing a +0 kite shield of reflection (fast, strong, susceptible to hostile enchantments, chance to defeat MR: 47%) Nothing appears to happen.
Donald hits you from afar with a +1 demon trident of electrocution.
Donald says, "That guy with the scythe is really mean."
Donald hits you with a +1 demon trident of electrocution!!
You die...

#.......≈≈≈≈
##......≈§o≈
#.......≈≈≈.
##.[#...####
##.##....
#....o....
##).....###
#.{@...§≈§≈
##@.....≈≈§
#.....§§≈§
.....$.≈≈≈
##.....##..
#.......
...#...#.
.........
.........


You could see Donald (fast, strong, vulnerable) and an orc knight.

Vanquished Creatures
  5 two-headed ogres
  A deep elf mage (D:12)
  4 ugly things
  A cyclops (D:11)
  2 centaur zombies
  A manticore (D:11)
  Psyche (D:10)
  3 trolls
  A hornet (D:12)
  2 wyverns
  2 shadows
  2 wraiths
  2 hungry ghosts
  3 steam dragons
  A warg (Orc:2)
  A soldier ant (D:11)
  An acid dragon (D:12)
  4 orc warriors
  4 sky beasts
  3 phantoms
  3 necrophages
  An eye of draining (D:9)
  3 ice beasts
  5 ogres
  5 centaurs
  An elf zombie (D:7)
  3 bullfrogs
  3 big kobolds
  A gnoll sergeant (D:8)
  2 scorpions
  6 killer bees (D:9)
  14 wights
  2 howler monkeys (D:9)
  4 crimson imps
  3 bullfrog zombies
  A quasit (D:9)
  8 hounds
  2 jellies
  An orc priest (D:8)
  2 bullfrog skeletons
  3 centaur skeletons
  2 human zombies (D:7)
  2 iguanas (D:12)
  8 orc wizards
  7 worker ants
  A killer bee zombie (D:7)
  2 hound skeletons
  4 mummies (D:7)
  A worker ant zombie (D:9)
  5 gnolls (D:8)
  A howler monkey skeleton (D:8)
  13 adders
  9 shadow imps
  4 adder skeletons
  4 worms
  5 dart slugs
  3 leopard geckos
  49 orcs
  9 bats
  4 giant cockroaches
  6 goblins
  6 hobgoblins
  15 jackals
  8 quokkas
  8 frilled lizards
  15 kobolds
  2 leopard gecko skeletons
  An orc zombie (D:7)
  2 quokka skeletons
  11 rats
324 creatures vanquished.

Notes
Turn   | Place    | Note
-------+----------+-------------------------------------------
     0 | D:1      | Johnny the Demigod Earth Elementalist began the quest for
                  | the Orb.
     0 | D:1      | Reached XP level 1. HP: 14/14 MP: 5/5
    86 | D:1      | Reached skill level 3 in Earth Magic
   156 | D:1      | Reached XP level 2. HP: 8/20 MP: 5/7
  1180 | D:1      | Reached XP level 3. HP: 26/26 MP: 9/9
  1284 | D:2      | Reached skill level 4 in Earth Magic
  1466 | D:2      | Reached XP level 4. HP: 27/33 MP: 10/10
  1500 | D:2      | Learned a level 2 spell: Passwall
  1935 | D:2      | You fall into a shaft and drop 2 floors!
  1952 | D:4      | Found a shimmering blue altar of Sif Muna.
  1991 | D:4      | Noticed a centaur
  1998 | D:4      | Killed a centaur
  1998 | D:4      | Reached XP level 5. HP: 27/38 MP: 12/12
  2125 | D:4      | Reached skill level 5 in Earth Magic
  2290 | D:3      | Learned a level 3 spell: Stone Arrow
  2692 | D:3      | Found an iron altar of Okawaru.
  4029 | D:4      | Found a blossoming altar of Fedhas.
  4044 | D:4      | Reached XP level 6. HP: 43/45 MP: 14/14
  4085 | D:4      | Found an opulent altar of Gozag.
  4505 | D:5      | Entered Level 5 of the Dungeon
  4573 | D:5      | Got a pitted ring mail
  4591 | D:5      | Identified the +2 ring mail "Dunodd" {Str+2 Dex+9} (You
                  | found it on level 5 of the Dungeon)
  4681 | D:5      | Reached skill level 6 in Earth Magic
  5025 | D:5      | Found a staircase to the Ecumenical Temple.
  5206 | D:5      | Reached XP level 7. HP: 20/50 MP: 16/16
  5405 | D:5      | Found a hazy altar of Hepliaklqana.
  5412 | D:5      | Found a glowing golden altar of the Shining One.
  5601 | D:6      | Reached skill level 7 in Earth Magic
  5654 | D:6      | Learned a level 5 spell: Lee's Rapid Deconstruction
  5811 | D:6      | Noticed a steam dragon
  5821 | D:6      | Killed a steam dragon
  5831 | D:6      | Reached skill level 5 in Spellcasting
  5831 | D:6      | Reached skill level 8 in Earth Magic
  5831 | D:6      | Reached XP level 8. HP: 43/57 MP: 14/19
  6011 | D:6      | Found a snail-covered altar of Cheibriados.
  6015 | D:6      | Found a glowing silver altar of Zin.
  6016 | D:6      | Found a sacrificial altar of Ru.
  6016 | D:6      | Found a hide-covered altar of Uskayaw.
  6582 | D:6      | Found a glowing golden altar of the Shining One.
  6672 | D:6      | Reached skill level 9 in Earth Magic
  6772 | D:6      | Found a stormy altar of Qazlal.
  6773 | D:6      | Found a radiant altar of Vehumet.
  7029 | D:6      | Got a spiked scale mail
  7040 | D:6      | Identified the +0 scale mail of the Mind {Str+7} (You found
                  | it on level 6 of the Dungeon)
  7200 | D:7      | Found a basalt altar of Yredelemnul.
  7491 | D:7      | Reached XP level 9. HP: 62/62 MP: 22/22
  8197 | D:8      | Reached skill level 10 in Earth Magic
  9053 | D:8      | Found a burning altar of Makhleb.
  9178 | D:9      | Found a shattered altar of Ashenzari.
  9498 | D:9      | Reached skill level 11 in Earth Magic
  9607 | D:9      | Noticed a cyan ugly thing
  9617 | D:9      | Killed a cyan ugly thing
  9656 | D:9      | Learned a level 4 spell: Petrify
  9686 | D:9      | Noticed a two-headed ogre
  9691 | D:9      | Killed a two-headed ogre
  9691 | D:9      | Reached XP level 10. HP: 43/69 MP: 20/25
 10002 | D:9      | Found a shattered altar of Ashenzari.
 10178 | D:9      | Found a staircase to the Lair.
 10189 | D:9      | Noticed a moth of wrath
 10192 | D:9      | Found a bloodstained altar of Trog.
 10340 | D:9      | Reached skill level 12 in Earth Magic
 11041 | D:9      | Learned a level 6 spell: Iron Shot
 11158 | D:10     | Entered Level 10 of the Dungeon
 11196 | D:10     | Noticed a two-headed ogre
 11203 | D:10     | Killed a two-headed ogre
 11450 | D:10     | Found Niurchit's Food Emporium.
 11506 | D:10     | Found a staircase to the Orcish Mines.
 11525 | D:10     | Noticed Psyche
 11527 | D:10     | Killed Psyche
 11842 | D:11     | Noticed a two-headed ogre
 11849 | D:11     | Killed a two-headed ogre
 11910 | D:11     | Noticed a manticore
 11915 | D:11     | Killed a manticore
 11930 | D:11     | Reached skill level 13 in Earth Magic
 12081 | D:11     | Noticed a purple ugly thing
 12093 | D:11     | Killed a purple ugly thing
 12093 | D:11     | Reached XP level 11. HP: 74/74 MP: 6/28
 12291 | D:11     | Noticed a two-headed ogre
 12302 | D:11     | Killed a two-headed ogre
 13159 | D:11     | Found Zuzec's Gadget Shoppe.
 13303 | D:12     | Noticed a deep elf mage
 13305 | D:12     | Killed a deep elf mage
 13598 | D:12     | Reached skill level 14 in Earth Magic
 14169 | D:12     | Noticed a two-headed ogre
 14176 | D:12     | Killed a two-headed ogre
 14620 | Orc:1    | Entered Level 1 of the Orcish Mines
 14646 | Orc:1    | You fall into a shaft and drop 1 floor!
 14646 | Orc:2    | Entered Level 2 of the Orcish Mines
 14663 | Orc:2    | Noticed Donald
 14668 | Orc:2    | Noticed an orc knight
 14672 | Orc:2    | Slain by Donald

Illustrated notes

Levels and vault maps discovered:
D:1:      dpeg_arrival_simpleton_a, layout_basic, minmay_misc_feat_doors,
          minivault_24, hangedman_decor_diamond_cutter
D:2:      layout_basic, due_unseen_surprise
D:3:      layout_loops_corners, lemuel_crystal_altar
D:4:      layout_basic, minitemple, first_ration, lemuel_blue_sif_altar
D:5:      layout_cave_pools, nicolae_overflow_hidden_temple, temple_pool_b,
          basic_altar
D:6:      cheibrodos_steamvent, layout_basic, kennysheep_mini,
          grunt_temple_overflow_open, gammafunk_temple_overflow_pools,
          serial_curves, eino_curves_01, eino_curves_01, eino_curves_01,
          eino_curves_02
D:7:      layout_basic, lemuel_mausoleum_altar_yredelemnul
D:8:      layout_basic, bloody_makhleb
D:9:      minmay_slanted_spiral_squares, layout_loops_ring, tgw_trog,
          lemuel_doored_altar, basic_altar, blue_anna_alchemist
          [blue_anna_fruit_fields, blue_anna_fruit_fields], nrook_uturn
D:10:     layout_basic, serial_shops, shop_statue, uniq_psyche
D:11:     layout_cave_pods, serial_shops, shop, lemuel_old_faithful
D:12:     layout_gridville
Orc:1:    layout_caves
Orc:2:    st_orc_rangers, layout_caves, basic_altar, guppyfry_orc_lava_fort,
          uniq_donald

Skill      XL: |  1  2  3  4  5  6  7  8  9 10 11 |
---------------+----------------------------------+-----
Earth Magic    | 3 4 5 6 8 9 11 13 14 | 14.4
Spellcasting   | 2 3 4 5 6 7 8 9 |  9.8
Dodging        | |  1.7
Stealth        | |  1.7
Transmutations | |  0.8

Action                   |  1- 3 |  4- 6 |  7- 9 | 10-12 || total
-------------------------+-------+-------+-------+-------++-------
Melee: Unarmed           |    13 |       |       |       ||    13
       Short sword       |    33 |   162 |    11 |       ||   206
       Dagger            |       |       |   260 |   125 ||   385
 Cast: Sandblast         |    28 |    71 |    56 |    76 ||   231
       Passwall          |       |     2 |       |       ||     2
       Stone Arrow       |       |    11 |    61 |    61 ||   133
       Lee's Rapid Decon |       |       |       |    28 ||    28
       Petrify           |       |       |       |    12 ||    12
Evoke: Wand              |       |       |     2 |       ||     2
  Use: Scroll            |       |       |    15 |    13 ||    28
 Stab: Sleeping          |     2 |     7 |     1 |       ||    10
       Distracted        |     1 |       |       |       ||     1
       Paralysed         |       |       |     6 |       ||     6
       Petrified         |       |       |       |     2 ||     2
  Eat: Chunk             |     2 |    13 |    11 |    15 ||    41
       Ration            |       |       |     1 |     2 ||     3
Armor: Robe              |    10 |    61 |       |       ||    71
       Ring mail         |       |    24 |    23 |       ||    47
       Scale mail        |       |       |   135 |    36 ||   171
       Steam dragon scal |       |       |    18 |       ||    18
       Troll leather arm |       |       |       |    53 ||    53
Dodge: Dodged            |    46 |   154 |   162 |    88 ||   450
